 Dungeon Crawl Stone Soup version 0.28.0 (webtiles) character file.

Game seed: 16486882648360282580

6978 XAssassin321 the Fighter (level 10, -3/141 HPs)
             Began as a Minotaur Berserker on Aug 24, 2022.
             Was a Priest of Trog.
             Killed from afar by an electric eel (15 damage)
             ... with a bolt of electricity
             ... on level 9 of the Dungeon.
             The game lasted 00:38:02 (13059 turns).

XAssassin321 the Fighter (Minotaur Berserker)      Turns: 13059, Time: 00:38:03

Health: -3/141     AC: 19    Str: 27    XL:     10   Next: 81%
Magic:  9/9        EV: 10    Int:  6    God:    Trog [***...]
Gold:   553        SH:  0    Dex: 11    Spells: 9/9 levels left

rFire   . . .      SeeInvis .   b - +5 hand axe
rCold   . . .      Faith    .   (no shield)
rNeg    + . .      Spirit   .   m - +0 plate armour
rPois   .          Reflect  .   (helmet restricted)
rElec   .          Harm     .   (no cloak)
rCorr   .          Rampage  .   p - +2 pair of gloves {Stlth+}
Will    +....                   e - +0 pair of boots
Stlth   ..........              (no amulet)
HPRegen 0.33/turn               k - ring "Lyfonoo" {rN+ Str+2 Stlth+}
MPRegen 0.11/turn               l - ring of willpower

@: berserking, very quick
A: horns 2, retaliatory headbutt, mutation resistance 1, sense surroundings 1,
strong 1
a: Renounce Religion, Berserk, Trog's Hand


You were on level 9 of the Dungeon.
You worshipped Trog.
Trog was most pleased with you.
You visited 1 branch of the dungeon, and saw 9 of its levels.

You collected 553 gold pieces.

Inventory:

Hand Weapons
 a - a +4 morningstar
 b - a +5 hand axe (weapon)
 u - a +2 vorpal glaive
 x - a +5 long sword of freezing
 F - a +0 war axe
Missiles
 c - 167 bolts
 g - 127 sling bullets
 B - 6 silver javelins
 I - 2 curare-tipped darts
 J - 10 poisoned darts
 Z - 390 stones (quivered)
Armour
 e - a +0 pair of boots (worn)
 m - a +0 plate armour (worn)
 p - a +2 pair of gloves of stealth (worn)
 v - a +0 pair of boots
Jewellery
 k - the ring "Lyfonoo" (left hand) {rN+ Str+2 Stlth+}
   (You found it on level 2 of the Dungeon)

   [ring of positive energy]

   Str:       It affects your strength (+2).
   rN:        It protects you from negative energy.
   Stlth:     It makes you more stealthy.
 l - a ring of willpower (right hand)
 G - an amulet of faith
 H - an amulet of guardian spirit
 K - a ring of flight
Wands
 y - a wand of charming (7)
 C - a wand of flame (34)
Scrolls
 d - a scroll of amnesia
 h - a scroll of vulnerability {unknown}
 q - 2 scrolls of fear
 t - a scroll of teleportation
 w - 3 scrolls of immolation
 z - a scroll of magic mapping {unknown}
 D - 2 scrolls of noise
 E - a scroll of summoning {unknown}
Potions
 f - 2 potions of attraction
 i - 2 potions of ambrosia {unknown}
 j - 2 potions of invisibility
 n - 2 potions of magic {unknown}
 o - 3 potions of brilliance
 r - 2 potions of haste
 s - 5 potions of curing
 A - 3 potions of flight


   Skills:
 * Level 10.8 Fighting
 + Level 10.2 Axes
 - Level 3.0 Throwing
 + Level 10.0 Armour
 + Level 9.2 Dodging


You had 9 spell levels left.
You didn't know any spells.
Your spell library was empty.

Dungeon Overview and Level Annotations

Branches:
Dungeon (9/15)             Temple (0/1) D:7             Orc (0/2) D:9
   Lair: D:8-11

Altars:
Dithmenos
Fedhas
Gozag
Hepliaklqana
Ru
Trog
Vehumet
Xom
Yredelemnul
Zin
Beogh
Jiyva

Shops:
D:1 ***??   D:4 (   D:9 ?([!

Annotations:
D:8 2 transporters
D:9 exclusion: oklob plant


Innate Abilities, Weirdness & Mutations

You have a pair of horns on your head.
You reflexively headbutt those who attack you in melee.
You are somewhat resistant to further mutation.
You passively map a small area around you.
Your muscles are strong. (Str +2)


Message History

Throw: 391 stones
Press: ? - help, Q - select action, (/) - cycle Shift-Dir - straight line, f/p - electric eel
Aim: an electric eel (46% to hit)
You throw a stone. The stone hits the electric eel.
The electric eel is moderately wounded.
The electric eel shoots out a bolt of lightning at you!
The bolt of electricity hits you! x2
You closely miss the electric eel.
The electric eel is moderately wounded.
The electric eel shoots out a bolt of lightning at you!
The bolt of electricity hits you!
* * * LOW HITPOINT WARNING * * *
The bolt of electricity hits you!
* * * LOW HITPOINT WARNING * * *
You closely miss the electric eel.
The electric eel is moderately wounded.
You closely miss the electric eel. You headbutt the electric eel!
The electric eel is almost dead.
The electric eel shoots out a bolt of lightning at you!
The bolt of electricity hits you.
* * * LOW HITPOINT WARNING * * *
The bolt of electricity hits you but does no damage.
You miss the electric eel.
The electric eel is severely wounded.
The electric eel shoots out a bolt of lightning at you!
The bolt of electricity hits you!
* * * LOW HITPOINT WARNING * * *
The bolt of electricity misses you.
You closely miss the electric eel. Your headbutt misses the electric eel.
The electric eel is severely wounded.
The electric eel shoots out a bolt of lightning at you!
The bolt of electricity hits you!
* * * LOW HITPOINT WARNING * * *
The bolt of electricity hits you.
* * * LOW HITPOINT WARNING * * *
A red film seems to cover your vision as you go berserk!
You feel yourself moving faster!
You feel mighty!
The electric eel shoots out a bolt of lightning at you!
The bolt of electricity hits you!
You die...

, #.≈≈≈≈≈# , , **,
,#.≈≈≈≈≈# .. , ,
#.≈≈≈≈≈##.. * *
**#.≈≈≈≈≈.≈.. , , #.#
≈≈≈≈≈...≈* ,
#.##≈≈≈≈≈≈≈≈≈
#..##≈≈≈≈≈≈≈≈ ,
##.#≈≈(≈≈((≈≈ *
#..@S≈≈≈≈≈≈≈≈≈ # #. ,
##..≈(≈≈≈≈≈≈≈≈ #
..########.((≈≈≈≈≈≈≈
* #
#≈≈≈≈≈≈##..(≈≈≈≈≈≈≈
## *
#≈≈≈≈≈≈##..#≈≈≈≈≈≈≈≈*
#.
.#≈≈≈≈≈≈##..##≈(≈≈≈≈
#.
............###≈≈≈≈#*
##. ##≈≈≈≈≈.♣....#
#≈≈## #..
#≈≈≈≈♣.∩.♣..# ###
##.#


You could see an electric eel.

Vanquished Creatures
  A two-headed ogre (D:9)
  Pikel (D:7)
  A hornet (D:8)
  A wraith (D:6)
  A wyvern (D:4)
  7 yaks
  A water moccasin (D:7)
  5 orc warriors
  A hornet zombie (D:6)
  An ogre (D:7)
  A black bear (D:7)
  2 sky beasts
  2 lemures
  2 phantoms
  A centaur (D:5)
  2 kobold brigands
  2 bullfrogs (D:9)
  A gnoll sergeant (D:8)
  5 scorpions
  4 electric eels (D:9)
  12 wights
  2 centaur zombies
  A hound (D:4)
  2 jellies (D:5)
  3 orc priests
  A bullfrog skeleton (D:6)
  A gnoll shaman (D:6)
  4 iguanas
  Ijyb (D:3)
  Terence (D:2)
  Natasha (D:2)
  10 orc wizards
  2 killer bee zombies
  2 hound skeletons
  Robin (D:2)
  12 gnolls
  A howler monkey skeleton (D:6)
  7 adders
  An ufetubus (D:4)
  An adder skeleton (D:4)
  3 worms (D:2)
  A dart slug (D:3)
  23 orcs
  2 ball pythons
  5 bats
  7 endoplasms
  3 giant cockroaches
  11 hobgoblins
  4 jackals (D:3)
  2 quokkas
  A frilled lizard (D:2)
  13 goblins
  16 kobolds
  6 rats
205 creatures vanquished.

Vanquished Creatures (collateral kills)
  A death knight (D:9)
  A yak (D:9)
  2 electric eels (D:9)
  An orc priest (D:9)
  An orc wizard (D:9)
6 creatures vanquished.

Vanquished Creatures (others)
  2 kobolds (D:9)
  13 toadstools (D:9)
15 creatures vanquished.

Grand Total: 226 creatures vanquished

Notes
Turn   | Place    | Note
-------+----------+-------------------------------------------
     0 | D:1      | XAssassin321 the Minotaur Berserker began the quest for the
                  | Orb.
     0 | D:1      | Reached XP level 1. HP: 19/19 MP: 0/0
    48 | D:1      | Found Zuumu's Magic Scroll Emporium.
   100 | D:1      | Found Fuegel's Magic Scroll Boutique.
   127 | D:1      | Found Teiskeeh's General Store.
   226 | D:1      | Reached XP level 2. HP: 27/27 MP: 1/1
   294 | D:1      | Found Zewykef's General Store.
   722 | D:1      | Found Waqyall's Assorted Antiques.
   727 | D:1      | Reached skill level 4 in Fighting
   727 | D:1      | Reached skill level 4 in Axes
   727 | D:1      | Reached skill level 3 in Armour
   919 | D:2      | Noticed Robin
   921 | D:2      | Reached XP level 3. HP: 33/33 MP: 2/2
   942 | D:2      | Killed Robin
   949 | D:2      | Reached ** piety under Trog
  1123 | D:2      | Identified the ring "Lyfonoo" {rN+ Str+2 Stlth+}
  1192 | D:2      | Reached skill level 3 in Dodging
  1270 | D:2      | Noticed Natasha
  1277 | D:2      | Killed Natasha
  1278 | D:2      | Reached skill level 1 in Throwing
  1278 | D:2      | Reached XP level 4. HP: 34/41 MP: 3/3
  1362 | D:2      | Noticed Terence
  1369 | D:2      | Killed Terence
  1610 | D:2      | Found a faded altar of an unknown god.
  1793 | D:3      | Reached XP level 5. HP: 24/47 MP: 4/4
  2176 | D:3      | Noticed Ijyb
  2230 | D:3      | Reached skill level 4 in Armour
  2296 | D:3      | Found a glowing silver altar of Zin.
  2296 | D:3      | Found an opulent altar of Gozag.
  2547 | D:3      | Found a bloodstained altar of Trog.
  2567 | D:3      | Reached skill level 2 in Throwing
  2828 | D:3      | Killed Ijyb
  2829 | D:3      | Reached skill level 5 in Fighting
  2829 | D:3      | Reached XP level 6. HP: 34/56 MP: 5/5
  2921 | D:3      | Found a radiant altar of Vehumet.
  2977 | D:3      | Reached *** piety under Trog
  3163 | D:4      | Reached skill level 5 in Axes
  3319 | D:4      | Found a shimmering altar of Xom.
  3342 | D:4      | Reached skill level 4 in Dodging
  3361 | D:4      | Found Qycilusch's Antique Weapon Shop.
  3477 | D:4      | Noticed a wyvern
  3484 | D:4      | Killed a wyvern
  3485 | D:4      | Reached XP level 7. HP: 38/61 MP: 6/6
  3921 | D:4      | Reached skill level 3 in Throwing
  4051 | D:5      | Entered Level 5 of the Dungeon
  4113 | D:5      | Reached skill level 5 in Armour
  4376 | D:5      | Reached skill level 6 in Fighting
  4399 | D:5      | Reached skill level 5 in Dodging
  4408 | D:5      | Reached skill level 6 in Axes
  4875 | D:5      | Reached XP level 8. HP: 40/71 MP: 7/7
  5078 | D:5      | Found a hazy altar of Hepliaklqana.
  5460 | D:6      | Reached skill level 6 in Armour
  5813 | D:6      | Found a basalt altar of Yredelemnul.
  5922 | D:6      | Reached skill level 7 in Fighting
  5922 | D:6      | Reached skill level 6 in Dodging
  6114 | D:6      | Reached skill level 7 in Axes
  6592 | D:7      | Found a shadowy altar of Dithmenos.
  6710 | D:7      | Reached skill level 7 in Armour
  6733 | D:7      | Noticed Pikel
  6920 | D:7      | Found a staircase to the Ecumenical Temple.
  6945 | D:7      | Reached XP level 9. HP: 53/80 MP: 8/8
  7136 | D:7      | Reached **** piety under Trog
  7221 | D:7      | Reached skill level 8 in Fighting
  7386 | D:7      | Reached skill level 8 in Axes
  7386 | D:7      | Reached skill level 7 in Dodging
  7961 | D:6      | Gained mutation: Your muscles are strong. (Str +2) [potion
                  | of mutation]
  7961 | D:6      | Gained mutation: You are somewhat resistant to further
                  | mutation. [potion of mutation]
  7961 | D:6      | Gained mutation: You passively map a small area around you.
                  | [potion of mutation]
  8148 | D:7      | Killed Pikel
  8149 | D:7      | Reached skill level 8 in Armour
  8889 | D:8      | Found a transporter.
  8889 | D:8      | Found a transporter.
  8922 | D:8      | Found a viscous altar of Jiyva.
  9342 | D:8      | Reached skill level 9 in Fighting
  9342 | D:8      | Reached skill level 9 in Axes
  9342 | D:8      | Reached skill level 8 in Dodging
  9822 | D:8      | Reached XP level 10. HP: 50/87 MP: 9/9
 10096 | D:8      | Found a sacrificial altar of Ru.
 10630 | D:9      | Found Poishil's Magic Scroll Boutique.
 10699 | D:9      | Reached skill level 9 in Armour
 11051 | D:9      | Found a blossoming altar of Fedhas.
 11062 | D:9      | Noticed an oklob plant
 11231 | D:9      | Found Zut Vugh's Antique Weapon Shoppe.
 11237 | D:9      | Found Ziarr's Distillery.
 11334 | D:9      | HP: 13/91 [electric eel/bolt of electricity (9)]
 11989 | D:9      | Found a staircase to the Orcish Mines.
 12108 | D:9      | HP: 13/93 [orc priest/divine providence (16)]
 12438 | D:8      | Reached skill level 10 in Fighting
 12581 | D:9      | Noticed a death knight
 12611 | D:9      | Killed a death knight
 12612 | D:9      | Reached skill level 10 in Axes
 12612 | D:9      | Reached skill level 9 in Dodging
 12635 | D:9      | Found Fieclij's Antique Armour Shop.
 12635 | D:9      | Noticed a two-headed ogre
 12645 | D:9      | Killed a two-headed ogre
 12646 | D:9      | Reached skill level 10 in Armour
 13058 | D:9      | HP: 11/94 [electric eel/bolt of electricity (10)]
 13059 | D:9      | Killed from afar by an electric eel

Illustrated notes

Levels and vault maps discovered:
D:1:      minmay_arrival_glassed_features, layout_loops_cross, serial_shops,
          nicolae_shop_competitors_out_of_business, nicolae_shop_waterfront,
          nicolae_shop_temple_entry_statues_fountains, nicolae_shop_waterfront,
          shop_statue, solitary_fountain
D:2:      layout_rooms, shapermc_ecumenical_altar_starsandcircs, hex_large,
          minmay_misc_feat_diagonals, uniq_terence, uniq_natasha, uniq_robin
D:3:      layout_basic, grunt_temple_overflow_gold_and_silver,
          mainiacjoe_overflow_alcove_2, mainiacjoe_overflow_cross_hatched,
          uniq_ijyb
D:4:      nicolae_cairo_tiling_very_big, layout_cave_pools,
          mainiacjoe_overflow_concentric_impassable, serial_shops,
          nicolae_shop_statue_plus
D:5:      layout_basic, nicolae_hepliaklqana_hazy_memory, grunt_decor_arrowhead
D:6:      layout_basic, mainiacjoe_overflow_surrounded_room
D:7:      minmay_flawed_box, layout_basic, amcnicky_altar_gilded,
          minmay_temple_entry_waves, uniq_pikel
D:8:      gammafunk_jiyva_shrine, layout_basic, mainiacjoe_overflow_catwalk
D:9:      minmay_general_purpose_star, layout_basic, tgw_fedhas,
          minmay_orc_entry_temple_small, serial_shops, kennysheep_mini_moat,
          shop, nicolae_shop_trees, nicolae_shop_waterfront, nicolae_shop_stone,
          serial_curves, eino_curves_04, eino_curves_03

Skill      XL: |  1  2  3  4  5  6  7  8  9 10 |
---------------+-------------------------------+-----
Fighting       | 4 5 6 7 9 10 | 10.8
Axes           | 4 5 6 7 9 10 | 10.2
Armour         | 3 4 5 7 8 10 | 10.0
Dodging        | 3 4 5 6 8 9 |  9.2
Throwing       | 1 2 3 |  3.0

Action                   |  1- 3 |  4- 6 |  7- 9 | 10-12 || total
-------------------------+-------+-------+-------+-------++-------
Melee: Hand axe          |    87 |   149 |   144 |    53 ||   433
       Headbutt          |     3 |    21 |    59 |    15 ||    98
       Punch             |     3 |       |     1 |     3 ||     7
       War axe           |       |       |   192 |       ||   192
       Morningstar       |       |       |       |    52 ||    52
Throw: Stone             |       |     4 |    18 |    35 ||    57
Invok: Berserk           |       |       |     2 |     1 ||     3
       Brothers in Arms  |       |       |       |     3 ||     3
  Use: Potion            |       |     1 |     3 |       ||     4
       Scroll            |       |     5 |     3 |     3 ||    11
 Stab: Sleeping          |     1 |     2 |       |       ||     3
Armor: Animal skin       |     6 |       |       |       ||     6
       Ring mail         |    24 |    37 |       |       ||    61
       Chain mail        |       |    21 |    36 |       ||    57
       Plate armour      |       |       |   185 |    56 ||   241
Dodge: Dodged            |    60 |    71 |   148 |    38 ||   317
